 Dungeon Crawl Stone Soup version 0.25-a0-97-g19cdb01 (webtiles) character file.

Game seed: 1968524404357207582, levelgen mode: deterministic

175 silenth the Conjurer (level 5, -3/38 HPs)
             Began as a Demigod Conjurer on Nov 12, 2019.
             Slain by Grinder (4 damage)
             ... on level 4 of the Dungeon.
             The game lasted 00:02:44 (3775 turns).

silenth the Conjurer (Demigod Conjurer)             Turns: 3775, Time: 00:02:45

Health: -3/38      AC:  2    Str: 11    XL:     5   Next: 8%
Magic:  1/12       EV: 11    Int: 26    God:
Gold:   110        SH:  3    Dex: 16    Spells: 4/10 levels left

rFire    . . .     SeeInvis .   k - +0 long sword
rCold    . . .     Gourm    .   r - +0 buckler
rNeg     . . .     Faith    .   a - +0 robe
rPois    .         Spirit   .   (no helmet)
rElec    .         Reflect  .   (no cloak)
rCorr    .         Harm     .   (no gloves)
MR       .....                  (no boots)
Stlth    ++........             (no amulet)
HPRegen  0.12/turn              (no ring)
MPRegen  0.13/turn              (no ring)

@: brilliant
A: high mp 1
a: no special abilities


You were on level 4 of the Dungeon.
You were hungry.

You visited 1 branch of the dungeon, and saw 4 of its levels.

You collected 110 gold pieces.

Inventory:

Hand Weapons
 i - a +0 dagger
 k - a +0 long sword (weapon)
Armour
 a - a +0 robe (worn)
 r - a +0 buckler (worn)
Scrolls
 d - 7 scrolls of identify {unknown}
 f - 2 scrolls of blinking {unknown}
 g - a scroll of magic mapping {unknown}
 l - a scroll of teleportation {unknown}
 m - 2 scrolls of enchant weapon {unknown}
 o - a scroll of fear {unknown}
 p - 3 scrolls of remove curse {unknown}
 q - a scroll of immolation {unknown}
Potions
 b - 2 potions of brilliance
 c - 3 potions of curing {unknown}
 h - a potion of heal wounds {unknown}
 j - a potion of haste {unknown}
 n - a potion of lignification {unknown}
Comestibles
 e - 6 rations


   Skills:
 - Level 1.7 Dodging
 - Level 1.7 Stealth
 + Level 3.0 Spellcasting
 * Level 5.4 Conjurations


You had 4 spell levels left.
You knew the following spells:

 Your Spells              Type           Power        Failure   Level  Hunger
a - Magic Dart            Conj           ####         1%          1    None
b - Searing Ray           Conj           #####.       1%          2    ##.....
c - Dazzling Spray        Conj/Hex       ####..       1%          3    ###....

Your spell library contained the following spells:

 Spells                   Type           Power        Failure   Level  Hunger
 Iskenderun's Mystic Bla  Conj           #####...     2%          4    ####...
 Force Lance              Conj/Tloc      ####....     6%          4    ####...
 Fulminant Prism          Conj/Hex       ####......   6%          4    ####...


Dungeon Overview and Level Annotations

Branches:
Dungeon (4/15)
 Temple: D:4-7

Annotations:
D:4 Grinder


Innate Abilities, Weirdness & Mutations

You have an increased reservoir of magic. (+10% MP)


Message History

Pain shoots through your body!
* * * LOW HITPOINT WARNING * * *
Casting: Magic Dart (safe; 2% risk of failure)
Confirm with . or Enter, or press ? or * to list all spells.
Aiming: Dazzling Spray (safe; 22% risk of failure)
Press: ? - help, Shift-Dir - straight line, f/p - Grinder
Aim: Grinder (moderately wounded)
The spray of energy hits Grinder.
Grinder is heavily wounded.
You are feeling hungry.
Grinder hits you.
* * * LOW HITPOINT WARNING * * *
You writhe in agony.
* * * LOW HITPOINT WARNING * * *
It was a potion of brilliance.
You feel clever all of a sudden. Grinder hits you.
* * * LOW HITPOINT WARNING * * *
You writhe in agony.
You die...

#.#. #.# ..
.#.##### #.+ ..
......## #.# .
#....... #.#.# #
#....... ##.#.#
#.#.#....... .....
..........## ##.#.#
#.# #..###. #5@#.#
#.. +...... #.##.#
#.####.>.... #.##.#
#........... #.##.#
#...........
#.##.###........^..
#.........(..<...##
########.)....##.##
####........
#.####.##


You could see Grinder.

Vanquished Creatures
  An orc priest (D:4)
  Jessica (D:3)
  A howler monkey skeleton (D:4)
  5 adders
  3 worms (D:2)
  3 dart slugs
  2 leopard geckos
  3 orcs (D:4)
  A giant cockroach (D:1)
  6 goblins
  5 hobgoblins
  2 jackals (D:1)
  3 ball pythons
  6 bats
  4 frilled lizards
  A kobold (D:2)
  5 rats
52 creatures vanquished.

Notes
Turn   | Place    | Note
-------+----------+-------------------------------------------
     0 | D:1      | silenth the Demigod Conjurer began the quest for the Orb.
     0 | D:1      | Reached XP level 1. HP: 14/14 MP: 5/5
   206 | D:1      | Reached skill level 2 in Spellcasting
   379 | D:1      | Reached skill level 4 in Conjurations
   379 | D:1      | Reached XP level 2. HP: 20/20 MP: 4/7
  1122 | D:2      | Learned a level 2 spell: Searing Ray
  1156 | D:2      | Reached XP level 3. HP: 26/26 MP: 1/9
  1167 | D:2      | Learned a level 3 spell: Dazzling Spray
  2155 | D:3      | Noticed Jessica
  2161 | D:3      | Killed Jessica
  2161 | D:3      | Reached XP level 4. HP: 22/33 MP: 2/10
  2484 | D:3      | Found a faded altar of an unknown god.
  2529 | D:3      | Reached skill level 5 in Conjurations
  3450 | D:4      | Reached XP level 5. HP: 20/38 MP: 2/12
  3716 | D:4      | Reached skill level 3 in Spellcasting
  3737 | D:4      | Found a shattered altar of Ashenzari.
  3758 | D:4      | Noticed Grinder
  3774 | D:4      | HP: 3/38 [Grinder (3)]
  3775 | D:4      | HP: 1/38 [Grinder (2)]
  3775 | D:4      | Slain by Grinder

Levels and vault maps discovered:
D:1:      dpeg_arrival_boxorama, layout_loops_ring
D:2:      layout_basic, roderic_lattice_a
D:3:      layout_loops_corners, chequers_ecumenical_altar_simple_redux,
          uniq_jessica
D:4:      layout_basic, nicolae_ashenzari_panopticon, first_ration,
          uniq_grinder, uniq_ijyb, uniq_robin

Skill      XL: |  1  2  3  4  5 |
---------------+----------------+-----
Spellcasting   | 2 3 |  3.0
Conjurations   | 4 5 |  5.4
Dodging        | |  1.7
Stealth        | |  1.7

Action                   |  1- 3 |  4- 6 || total
-------------------------+-------+-------++-------
Melee: Unarmed           |    16 |       ||    16
       Long sword        |       |    10 ||    10
 Cast: Magic Dart        |    83 |    34 ||   117
       Searing Ray       |     2 |     1 ||     3
       Dazzling Spray    |       |     4 ||     4
  Use: Potion            |       |     1 ||     1
 Stab: Invisible         |       |     1 ||     1
  Eat: Chunk             |     4 |     5 ||     9
Armor: Robe              |     8 |     3 ||    11
Dodge: Dodged            |    23 |    12 ||    35
       Rpst.: Long sword |       |     4 ||     4

Table legend:
 A = Non-vault XP
 B = Vault XP
 C = Vault XP percentage of total XP
 D = Non-vault monster count
 E = Vault monster count
 F = Vault count percentage of total count
                 A         B        C        D         E       F
            +---------+---------+-------+---------+---------+-------
      Total |     214 |      37 |  14.7 |      51 |       1 |   1.9
            +---------+---------+-------+---------+---------+-------
        D:1 |      43 |       0 |   0.0 |      21 |       0 |   0.0
        D:2 |      65 |       0 |   0.0 |      14 |       0 |   0.0
        D:3 |      42 |      37 |  46.8 |      11 |       1 |   8.3
        D:4 |      64 |       0 |   0.0 |       5 |       0 |   0.0
            +---------+---------+-------+---------+---------+-------
